 Dungeon Crawl Stone Soup version 0.25.1-2-g60ff931df9 (webtiles) character file.

Game seed: 2669053440761583584

185729 DearestLeader the Earth Mage (level 18, -15/98 HPs)
             Began as a Gargoyle Earth Elementalist on Nov 7, 2020.
             Was the Champion of Vehumet.
             Shot with a bolt by a yaktaur captain (31 damage)
             ... on level 1 of the Vaults on Nov 10, 2020.
             The game lasted 02:07:54 (34865 turns).

DearestLeader the Earth Mage (GrEE)                Turns: 34865, Time: 02:07:55

Health: -15/98     AC: 24    Str: 13    XL:     18   Next: 4%
Magic:  15/34      EV: 20    Int: 23    God:    Vehumet [******]
Gold:   2313       SH:  6    Dex: 10    Spells: 5/42 levels left

rFire    . . .     SeeInvis +   W - staff of energy
rCold    + . .     Gourm    .   k - +2 buckler
rNeg     + . .     Faith    .   r - +2 robe {Archmagi}
rPois    ∞         Spirit   .   M - +1 helmet {SInv}
rElec    +         Reflect  .   Q - +2 cloak
rCorr    .         Harm     .   m - +0 pair of gloves
MR       +....                  I - +0 pair of boots
Stlth    ++........             q - amulet of magic regeneration
HPRegen  0.26/turn              c - +4 ring of evasion
MPRegen  0.49/turn              z - ring of protection from cold

@: about to teleport, flying
A: big wings, negative energy resistance 1, electricity resistance, unbreathing,
petrification resistance, rot immunity, AC +13
}: 1/15 runes: decaying
a: Stop Flying, Renounce Religion


You were on level 1 of the Vaults.
You worshipped Vehumet.
Vehumet was exalted by your worship.
You were not hungry.

You visited 6 branches of the dungeon, and saw 29 of its levels.
You also visited: Gauntlet and Volcano.

You collected 3041 gold pieces.
You spent 728 gold pieces at shops.

Inventory:

Hand Weapons
 U - a +6 demon whip of freezing
Missiles
 b - 295 stones (quivered)
Armour
 k - a +2 buckler (worn)
 m - a +0 pair of gloves (worn)
 r - a +2 robe of the Archmagi (worn)
 I - a +0 pair of boots (worn)
 M - a +1 helmet of see invisible (worn)
 Q - a +2 cloak (worn)
Magical Staves
 S - an uncursed staff of cold
 W - an uncursed staff of energy (weapon)
Jewellery
 c - a +4 ring of evasion (left hand)
 o - an uncursed ring of see invisible
 q - an amulet of magic regeneration (around neck)
 x - an uncursed ring of fire
 z - a ring of protection from cold (right hand)
 R - the ring "Eliunoh" {Ice rPois MR+ Str+2}
   (You found it on level 5 of the Lair of Beasts)

   [ring of ice]

   It enhances your ice magic.
   It affects your strength (+2).
   It makes you vulnerable to fire.
   It protects you from cold.
   It protects you from poison.
   It affects your resistance to hostile enchantments.
 X - the ring of Fiatt {rF+ rC- MR+ MP+9 Dex+4}
   (You found it in a Gauntlet)

   [ring of magical power]

   It affects your dexterity (+4).
   It protects you from fire.
   It makes you vulnerable to cold.
   It affects your resistance to hostile enchantments.
   It affects your magic capacity (+9).
Wands
 a - a wand of digging (5)
 i - a wand of clouds (10)
 s - a wand of random effects (16)
 v - a wand of polymorph (30)
 A - a wand of enslavement (13)
 C - a wand of paralysis (48)
 D - a wand of iceblast (16)
 F - a wand of acid (6)
Scrolls
 f - 21 scrolls of teleportation
 h - 6 scrolls of remove curse
 y - a scroll of fear
 B - 8 scrolls of immolation
 E - 2 scrolls of vulnerability
 H - a scroll of enchant weapon
 L - 4 scrolls of amnesia
 N - 2 scrolls of blinking
 O - 5 scrolls of fog
 T - 4 scrolls of enchant armour
 Y - 3 scrolls of silence
 Z - 5 scrolls of identify
Potions
 e - 7 potions of haste
 g - 10 potions of curing
 j - a potion of magic
 l - 2 potions of resistance
 n - 6 potions of mutation
 p - 2 potions of ambrosia
 t - 5 potions of cancellation
 u - 4 potions of might
 w - 3 potions of heal wounds
 G - 2 potions of invisibility
 J - 4 potions of brilliance
 P - 4 potions of berserk rage
Comestibles
 d - 28 rations
 K - 8 chunks of flesh


   Skills:
 - Level 6.0 Fighting
 - Level 2.1(2.4) Maces & Flails
 - Level 1.8(2.3) Staves
 + Level 9.5 Dodging
 - Level 2.1 Stealth
 - Level 4.3 Shields
 * Level 12.8 Spellcasting
 * Level 16.5 Conjurations
 + Level 9.0 Summonings
 - Level 2.0 Transmutations
 - Level 19.0 Earth Magic
 - Level 7.3 Poison Magic


You had 5 spell levels left.
You knew the following spells:

 Your Spells              Type           Power        Failure   Level  Hunger
a - Sandblast             Erth           ######       0%          1    None
b - Passwall              Tmut/Erth      #######.     1%          2    None
c - Stone Arrow           Conj/Erth      ######       0%          3    None
d - Lee's Rapid Deconstr  Erth           ########..   1%          5    None
e - Petrify               Tmut/Erth      #######.     1%          4    None
f - Mephitic Cloud        Conj/Pois/Air  ######..     1%          3    None
g - Olgreb's Toxic Radia  Pois           ######..     1%          4    None
h - Ignite Poison         Fire/Tmut/Pois #####...     1%          3    None
i - Spellforged Servitor  Conj/Summ      #######...   5%          7    None
j - Iskenderun's Battles  Conj/Chrm      ######..     1%          5    None

Your spell library contained the following spells:

 Spells                   Type           Power        Failure   Level  Hunger
 Iron Shot                Conj/Erth      #######...   1%          6    None
 Beastly Appendage        Tmut           #####.       1%          1    None
 Sting                    Tmut/Pois      ####         1%          1    None
 Summon Butterflies       Summ           ######..     1%          1    None
 Poisonous Vapours        Pois/Air       #####.       1%          2    None
 Call Canine Familiar     Summ           ######..     1%          3    None
 Recall                   Summ/Tloc      N/A          1%          3    None
 Spider Form              Tmut/Pois      ######....   1%          3    None
 Sticks to Snakes         Tmut           #####...     2%          2    None
 Borgnjor's Vile Clutch   Necr/Erth      ######....   2%          5    None
 Apportation              Tloc           ###...       4%          1    None
 Infusion                 Chrm           ###.         4%          1    None
 Blink                    Tloc           N/A          6%          2    None
 Shroud of Golubria       Chrm/Tloc      ###...       6%          2    None
 Song of Slaying          Chrm           ###.....     6%          2    None
 Swiftness                Chrm/Air       ###.....     6%          2    None
 Summon Ice Beast         Ice/Summ       ######..     7%          4    None
 Gell's Gravitas          Tloc           ###.......   13%         3    None
 Lesser Beckoning         Tloc           ###.......   13%         3    None
 Ozocubu's Armour         Chrm/Ice       ###.....     13%         3    None
 Portal Projectile        Hex/Tloc       ###...       13%         3    None
 Spectral Weapon          Hex/Chrm       ###.....     13%         3    None
 Teleport Other           Tloc           ###.....     13%         3    None
 Tukima's Dance           Hex            ###.....     13%         3    None
 Alistair's Intoxication  Tmut/Pois      ######..     17%         5    None
 Summon Mana Viper        Hex/Summ       ######..     19%         5    None
 Ice Form                 Ice/Tmut       ####....     28%         4    None
 Animate Dead             Necr           N/A          38%         4    None
 Passage of Golubria      Tloc           N/A          38%         4    None
 Blade Hands              Tmut           #####.....   45%         5    None
 Summon Hydra             Summ           ######....   65%         7    None
 Darkness                 Hex            ###.......   100%        6    None
 Death Channel            Necr           ###.......   100%        6    None
 Dispersal                Tloc           ###.......   100%        6    None
 Invisibility             Hex            ###.....     100%        6    None
 Simulacrum               Ice/Necr       ###.......   100%        6    None
 Controlled Blink         Tloc           N/A          100%        8    None
 Disjunction              Tloc           ###.......   100%        8    None


Dungeon Overview and Level Annotations

Branches:
Dungeon (15/15)            Temple (1/1) D:5            Lair (6/6) D:10
  Swamp (4/4) Lair:3        Snake (0/4) Lair:3        Slime (0/5) Lair:5
    Orc (2/2) D:10            Elf (0/3) Orc:2        Vaults (1/5) D:13
 Depths (0/5) D:15        Volcano (visited)         Gauntlet (visited)

Altars:
Ashenzari
Cheibriados
Dithmenos
Elyvilon
Fedhas
Gozag
Hepliaklqana
Kikubaaqudgha
Makhleb
Nemelex Xobeh
Okawaru
Qazlal
Ru
Sif Muna
Trog
Uskayaw
Vehumet
Wu Jian
Xom
Yredelemnul
Zin
The Shining One
Beogh
Jiyva

Shops:
D:4 (}*[[   D:6 *   D:11 !   D:13 %   D:15 [   Orc:2 ([=*

Annotations:
D:3 3 runed translucent doors, Borneo's ghost, weakling DgCj
D:4 1 runed translucent door, DildoBatman's ghost, amateur FoWz
Lair:2 exclusion: 3 oklob plants


Innate Abilities, Weirdness & Mutations

You are resistant to torment.
Your stone body is resilient. (AC +13)
You are immune to poison.
Your large and strong wings let you fly indefinitely.
You resist negative energy. (rN+)
You are resistant to electric shocks. (rElec)
You can survive without breathing.
You are immune to petrification.
You are immune to rotting.


Message History

You feel your power returning.
The stone giant is engulfed in blazing flames.
The stone giant throws a large rock.
The large rock hits you!!!
* * * LOW HITPOINT WARNING * * *
You see here a large rock.
Your toxic aura wanes.
As you read the scroll of teleportation, it crumbles to dust.
You feel strangely unstable.
Casting: Olgreb's Toxic Radiance (mildly dangerous; 1% risk of failure)
Confirm with . or Enter, or press ? or * to list all spells.
You feel a surge of power!
You ignite the poison in your surroundings!
The yaktaur captain seems to burn from within!!!
The yaktaur captain is severely wounded.
The stone giant seems to burn from within!!
You kill the stone giant!
Vehumet accepts your kill.
You feel your power returning.
The yaktaur captain shoots a bolt.
The bolt hits you!!
You die...

.c.##..#...((.()..)(.#
..(C...)(#.#.#####.#)#
.......#(#.#.#.#.#.#)#
p.###..#.#####.#.###(#
##.#C..#........)#
###)#######.###)#
#.#...#.#.#..(#
#(###.#.#.###)#
#.(@#.......#.#
#c###########.#
#.#.#.#.#.#.#)#
#.#.#.#.#.#.#.#
#.c...........#
#######''###########
+........########
#........'.......
#........#.......


You could see a yaktaur captain.

Vanquished Creatures
  A lich (Vaults:1)
  2 tentacled monstrosities
  3 thorn hunters
  2 vault wardens (Vaults:1)
  A deep elf sorcerer (Vaults:1)
  An orc warlord (Orc:2)
  2 stone giants (Vaults:1)
  Louise (Swamp:4)
  3 ironheart preservers
  A very ugly thing (Swamp:3)
  A dire elephant (Lair:6)
  A deep elf annihilator (Vaults:1)
  A minotaur (Gauntlet)
  A red draconian (Volcano)
  A fire dragon (D:15)
  A yaktaur captain (Vaults:1)
  An ice dragon (D:15)
  A ghost crab (Swamp:3)
  4 catoblepae
  26 hydras
  A shambling mangrove (Swamp:2)
  6 two-headed ogres
  An ogre mage (Vaults:1)
  15 alligators
  3 centaur warriors
  6 death yaks (Lair:6)
  A deep troll shaman (Lair:6)
  8 tengu warriors
  3 orc high priests
  Sonja (Lair:6)
  A soul eater (Gauntlet)
  12 skeletal warriors
  A salamander mystic (Volcano)
  An unseen horror (shapeshifter) (D:14)
  2 unseen horrors
  A glowing orange brain (Vaults:1)
  4 spriggan druids
  3 wizards
  9 swamp dragons
  A deep elf archer (Vaults:1)
  An ironbrand convoker (Vaults:1)
  A wolf spider zombie (D:14)
  Pikel (D:8)
  A necromancer (Lair:4)
  4 orc knights
  3 orc sorcerers (Orc:2)
  An orb spider (shapeshifter) (D:13)
  4 harpies (D:13)
  11 ugly things
  2 deep elf magi
  A moth of wrath (Gauntlet)
  4 cyclopes
  5 salamanders (Volcano)
  3 elephants (Lair:6)
  A black mamba (Lair:6)
  A vault sentinel (Vaults:1)
  2 kobold demonologists (D:11)
  2 gargoyles
  8 spiny frogs
  7 rime drakes (Lair:6)
  5 centaur skeletons
  6 komodo dragons
  A yaktaur (Vaults:1)
  2 efreet (D:15)
  A tengu conjurer (D:13)
  A queen bee (shapeshifter) (Vaults:1)
  9 trolls
  8 hornets
  2 polar bears (Lair:6)
  A meliai (D:13)
  7 tyrant leeches
  11 hippogriffs
  31 slime creatures
  7 dream sheep
  5 blink frogs (Swamp:3)
  4 bog bodies
  Sigmund (D:6)
  12 wyverns
  3 redbacks (Gauntlet)
  4 spriggans
  3 shadows
  3 wraiths
  8 basilisks
  3 hogs (D:7)
  A human (D:7)
  2 fire bats (Lair:1)
  26 yaks
  Grum (D:11)
  2 hungry ghosts
  A fire elemental (Lair:1)
  10 vampire mosquitoes
  3 wargs
  3 steam dragons
  9 insubstantial wisps
  2 acid dragons (D:15)
  A soldier ant (D:12)
  13 swamp worms
  A hell hound (Lair:6)
  12 water moccasins
  6 porcupines
  4 sky beasts
  5 black bears
  3 ice beasts
  A necrophage (D:7)
  37 orc warriors
  18 swamp drakes
  3 phantoms
  10 ogres
  16 wolves
  12 centaurs
  9 crocodiles
  9 bullfrogs
  A water moccasin zombie (D:12)
  A wyvern zombie (D:14)
  A wyvern skeleton (D:12)
  5 scorpions
  20 killer bees
  19 wights
  2 howler monkeys
  6 crimson imps
  A bullfrog zombie (D:8)
  2 lava snakes (Lair:1)
  5 centaur zombies
  2 jellies
  17 orc priests
  A quasit (D:11)
  2 hounds
  A bullfrog skeleton (D:7)
  9 worker ants
  3 iguanas
  22 orc wizards
  4 hell rats (Lair:4)
  A polar bear simulacrum (Lair:4)
  3 yak simulacra (Lair:4)
  2 wolf simulacra (Lair:4)
  A howler monkey zombie (D:9)
  A worker ant zombie (D:8)
  3 gnolls (D:2)
  9 adders
  A river rat (D:6)
  6 shadow imps
  An ooze (D:2)
  An adder skeleton (D:6)
  4 worms
  2 dart slugs
  6 leopard geckos
  69 orcs
  3 ball pythons
  6 bats
  6 giant cockroaches
  6 goblins
  4 hobgoblins
  12 jackals
  A quokka (D:12)
  6 frilled lizards
  11 kobolds
  A leopard gecko zombie (D:5)
  A quokka skeleton (D:9)
  9 rats
  5 river rat simulacra (Lair:4)
  2 fungi
  A plant (Lair:6)
864 creatures vanquished.

Vanquished Creatures (others)
  A swamp dragon (Swamp:4)
  A worker ant (D:8)
  2 orcs (D:8)
  7 demonic plants (Gauntlet)
  19 fungi
  15 plants (Lair:6)
  28 withered plants
73 creatures vanquished.

Grand Total: 937 creatures vanquished

Notes
Turn   | Place    | Note
-------+----------+-------------------------------------------
     0 | D:1      | DearestLeader the Gargoyle Earth Elementalist began the
                  | quest for the Orb.
     0 | D:1      | Reached XP level 1. HP: 10/10 MP: 3/3
    90 | D:1      | Reached skill level 4 in Earth Magic
   333 | D:1      | Reached XP level 2. HP: 7/15 MP: 1/5
  1381 | D:2      | Reached skill level 5 in Earth Magic
  1381 | D:2      | Reached XP level 3. HP: 16/19 MP: 6/6
  1749 | D:2      | Reached XP level 4. HP: 24/24 MP: 7/7
  1772 | D:2      | Found an iron altar of Okawaru.
  1779 | D:2      | Reached skill level 6 in Earth Magic
  2479 | D:2      | Found an ancient bone altar of Kikubaaqudgha.
  2713 | D:3      | Reached XP level 5. HP: 28/28 MP: 8/8
  2748 | D:3      | Learned a level 2 spell: Passwall
  2752 | D:3      | Learned a level 3 spell: Stone Arrow
  2762 | D:3      | Found a runed translucent gate.
  2763 | D:3      | Found a runed translucent gate.
  2764 | D:3      | Found a runed translucent gate.
  2766 | D:3      | Found an opulent altar of Gozag.
  3277 | D:3      | Noticed Borneo's ghost (weakling DgCj)
  3462 | D:4      | Noticed an ogre
  3466 | D:4      | Killed an ogre
  3466 | D:4      | Reached skill level 1 in Conjurations
  3466 | D:4      | Reached skill level 7 in Earth Magic
  3503 | D:4      | Found Owooperch's Weapon Shop.
  3534 | D:4      | Found Iqots's Antique Armour Emporium.
  3539 | D:4      | Bought a runed robe for 74 gold pieces
  3554 | D:4      | Found a runed translucent door.
  3554 | D:4      | Noticed DildoBatman's ghost (amateur FoWz)
  3612 | D:4      | Reached XP level 6. HP: 32/32 MP: 6/9
  3659 | D:4      | Found Oxtey's Gadget Boutique.
  3735 | D:4      | Found Sotost's General Store.
  3789 | D:4      | Got a bound platinum amulet
  3923 | D:4      | Found Dickuhyi's Antique Armour Boutique.
  4048 | D:4      | Reached skill level 8 in Earth Magic
  4165 | D:5      | Entered Level 5 of the Dungeon
  4190 | D:5      | Found a shimmering altar of Xom.
  4301 | D:5      | Reached XP level 7. HP: 36/36 MP: 7/10
  4588 | D:5      | Reached skill level 9 in Earth Magic
  4685 | D:5      | Got a bone hand axe
  4685 | D:5      | Identified the +6 hand axe "Glorpo" {freeze, rPois Str+4
                  | Int-5 Dex+4} (You found it on level 5 of the Dungeon)
  4831 | D:5      | Found a staircase to the Ecumenical Temple.
  4863 | Temple   | Entered the Ecumenical Temple
  4906 | Temple   | Became a worshipper of Vehumet
  5064 | D:6      | Identified the amulet "Zunn" {Spirit rF- MP+9 Str-4 Dex+8}
                  | (You found it on level 4 of the Dungeon)
  5068 | D:6      | Found Ychavopn's Assorted Antiques.
  5205 | D:6      | You fall into a shaft and drop 2 floors!
  5241 | D:8      | Noticed a hippogriff
  5248 | D:8      | Killed a hippogriff
  5248 | D:8      | Reached skill level 10 in Earth Magic
  5248 | D:8      | Reached XP level 8. HP: 41/41 MP: 4/12
  5444 | D:7      | Reached skill level 1 in Fighting
  5502 | D:7      | Reached skill level 11 in Earth Magic
  5554 | D:7      | Learned a level 5 spell: Lee's Rapid Deconstruction
  5562 | D:7      | Reached XP level 9. HP: 36/48 MP: 11/15
  5565 | D:7      | Reached * piety under Vehumet
  5565 | D:7      | Offered knowledge of Magic Dart by Vehumet.
  5688 | D:6      | Found a glowing drain.
  5948 | D:4      | Bought a jewelled helmet for 190 gold pieces
  5953 | D:4      | Identified the +0 helmet of the Ecumenical Temple {Harm MR+
                  | Int+3} (You bought it in a shop on level 4 of the Dungeon)
  6208 | D:6      | Noticed Sigmund
  6212 | D:6      | Killed Sigmund
  6554 | D:7      | Reached skill level 5 in Spellcasting
  6554 | D:7      | Reached skill level 12 in Earth Magic
  6569 | D:7      | Found a shadowy altar of Dithmenos.
  6719 | D:7      | Learned a level 4 spell: Petrify
  6774 | D:7      | Reached skill level 13 in Earth Magic
  7105 | D:8      | Reached skill level 1 in Transmutations
  7105 | D:8      | Reached XP level 10. HP: 53/53 MP: 9/19
  7105 | D:8      | Offered knowledge of Foxfire by Vehumet.
  7177 | D:8      | Found a glowing golden altar of the Shining One.
  7239 | D:8      | Found a hide-covered altar of Uskayaw.
  7245 | D:8      | Noticed Pikel
  7255 | D:8      | Killed Pikel
  7255 | D:8      | Reached ** piety under Vehumet
  8306 | D:9      | Reached skill level 14 in Earth Magic
  8319 | D:9      | Reached skill level 5 in Conjurations
  8662 | D:9      | Offered knowledge of Searing Ray by Vehumet.
  8745 | D:9      | Reached XP level 11. HP: 57/57 MP: 9/21
  9126 | D:9      | Reached *** piety under Vehumet
  9192 | D:10     | Entered Level 10 of the Dungeon
  9263 | D:10     | Reached skill level 15 in Earth Magic
  9386 | D:10     | Found a staircase to the Lair.
  9637 | D:10     | Noticed an unseen horror
  9642 | D:10     | Killed an unseen horror
  9642 | D:10     | Offered knowledge of Fulminant Prism by Vehumet.
  9857 | D:4      | Bought a runed helmet for 217 gold pieces
  9992 | D:10     | Found a staircase to the Orcish Mines.
 10367 | D:10     | Found a roughly hewn altar of Beogh.
 10456 | D:11     | Found Nonteabo's Distillery.
 10533 | D:11     | Bought a potion of heal wounds for 75 gold pieces
 10555 | D:11     | Noticed a skeletal warrior
 10555 | D:11     | Noticed a skeletal warrior
 10555 | D:11     | Noticed a skeletal warrior
 10556 | D:11     | Noticed a skeletal warrior
 10559 | D:11     | Killed a skeletal warrior
 10561 | D:11     | Killed a skeletal warrior
 10814 | D:11     | Reached **** piety under Vehumet
 10814 | D:11     | Noticed a cyclops
 10834 | D:11     | Reached skill level 16 in Earth Magic
 10933 | D:11     | Killed a skeletal warrior
 10933 | D:11     | Offered knowledge of Hailstorm by Vehumet.
 10999 | Lair:1   | Entered Level 1 of the Lair of Beasts
 11207 | Lair:1   | Reached XP level 12. HP: 62/62 MP: 17/24
 11341 | Lair:1   | Noticed an eight-headed hydra
 11346 | Lair:1   | Killed an eight-headed hydra
 12134 | Lair:2   | Noticed a six-headed hydra
 12141 | Lair:2   | Killed a six-headed hydra
 12851 | Lair:3   | Reached skill level 1 in Shields
 12901 | Lair:3   | Found a staircase to the Snake Pit.
 12991 | Lair:3   | Found a staircase to the Swamp.
 13585 | Lair:4   | Found a dark tunnel.
 13600 | Volcano  | Entered a volcano
 13622 | Volcano  | Reached skill level 17 in Earth Magic
 13714 | Volcano  | Noticed a red draconian
 13727 | Volcano  | Killed a red draconian
 13727 | Volcano  | Reached ***** piety under Vehumet
 14046 | Lair:4   | Noticed an eight-headed hydra
 14054 | Lair:4   | Killed an eight-headed hydra
 14183 | Lair:4   | Reached XP level 13. HP: 66/66 MP: 21/26
 14353 | Lair:4   | Offered knowledge of Starburst by Vehumet.
 14833 | Lair:5   | Got a fine jade ring
 14909 | Lair:5   | Reached skill level 10 in Conjurations
 14935 | Lair:5   | Learned a level 3 spell: Mephitic Cloud
 14959 | Lair:5   | Reached skill level 5 in Dodging
 15176 | Lair:5   | Found a viscous altar of Jiyva.
 15176 | Lair:5   | Found a staircase to the Slime Pits.
 15201 | Lair:5   | Reached skill level 1 in Poison Magic
 15425 | Lair:6   | Entered Level 6 of the Lair of Beasts
 15543 | Lair:6   | Noticed Sonja
 15930 | Lair:6   | Killed Sonja
 16711 | Lair:6   | Identified the ring "Eliunoh" {Ice rPois MR+ Str+2} (You
                  | found it on level 5 of the Lair of Beasts)
 16749 | Lair:6   | Offered knowledge of Bolt of Magma by Vehumet.
 17622 | Lair:6   | Gained mutation: Your large and strong wings let you fly
                  | indefinitely. [Gargoyle growth]
 17622 | Lair:6   | Reached XP level 14. HP: 76/76 MP: 21/27
 17665 | Lair:6   | Reached skill level 5 in Poison Magic
 17800 | Lair:6   | Noticed a dire elephant
 17864 | Lair:6   | Killed a dire elephant
 18150 | Lair:6   | Reached skill level 5 in Fighting
 18150 | Lair:6   | Reached skill level 10 in Spellcasting
 18159 | Lair:6   | Learned a level 4 spell: Olgreb's Toxic Radiance
 18163 | Lair:6   | Learned a level 3 spell: Ignite Poison
 18426 | Orc:1    | Entered Level 1 of the Orcish Mines
 18770 | Orc:2    | Entered Level 2 of the Orcish Mines
 18776 | Orc:2    | Found a staircase to the Elven Halls.
 18807 | Orc:2    | Noticed an orc warlord
 18893 | Orc:2    | Found Xot Jezu's General Store.
 19110 | Orc:2    | Found Axzat's Antique Weapon Boutique.
 19516 | Orc:2    | Found Livet's Antique Armour Boutique.
 19525 | Orc:2    | Found Publuet's Jewellery Emporium.
 19558 | Orc:2    | Bought a runed cloak for 172 gold pieces
 19703 | Orc:2    | Killed an orc warlord
 19703 | Orc:2    | Reached skill level 18 in Earth Magic
 20484 | D:11     | Noticed Grum
 20491 | D:11     | Killed Grum
 21627 | D:12     | Reached skill level 1 in Maces & Flails
 22609 | D:13     | Found Feihev's Food Shop.
 22630 | D:13     | Noticed an ironheart preserver
 22631 | D:13     | Found a gate to the Vaults.
 22640 | D:13     | Reached XP level 15. HP: 81/82 MP: 23/29
 22666 | D:13     | Offered knowledge of Spellforged Servitor by Vehumet.
 22667 | D:13     | Reached skill level 1 in Staves
 22703 | D:13     | Learned a level 7 spell: Spellforged Servitor
 22807 | D:13     | Found a gate leading to a gauntlet.
 22817 | Gauntlet | Entered a Gauntlet
 22817 | Gauntlet | Found a transporter.
 22817 | Gauntlet | Found a transporter.
 22821 | Gauntlet | Found a transporter.
 22823 | Gauntlet | Found a transporter.
 22828 | Gauntlet | Found a transporter.
 22835 | Gauntlet | Found a transporter.
 22843 | Gauntlet | Found a transporter.
 22845 | Gauntlet | Found a transporter.
 22845 | Gauntlet | Found a transporter.
 22846 | Gauntlet | Noticed a cacodemon
 22851 | Gauntlet | Found a transporter.
 22887 | Gauntlet | Found a transporter.
 22932 | Gauntlet | Found a transporter.
 22942 | Gauntlet | Found a transporter.
 22956 | Gauntlet | Found a transporter.
 23056 | Gauntlet | Found a transporter.
 23072 | Gauntlet | Found a transporter.
 23305 | Gauntlet | Got a warped ivory ring
 23310 | Gauntlet | Got a heavily runed pewter ring
 23312 | Gauntlet | Identified the ring of Hennidigu {*Tele rN+ Int+4} (You
                  | found it in a Gauntlet)
 23314 | Gauntlet | Identified the ring of Fiatt {rF+ rC- MR+ MP+9 Dex+4} (You
                  | found it in a Gauntlet)
 23343 | Gauntlet | Reached skill level 1 in Summonings
 23360 | Gauntlet | Got a translucent cloak
 23370 | Gauntlet | Identified the +1 cloak "Jifakeo" {Harm Dex+2} (You found
                  | it in a Gauntlet)
 25085 | D:14     | Offered knowledge of Irradiate by Vehumet.
 25538 | D:14     | Found a basalt altar of Yredelemnul.
 25984 | D:15     | Entered Level 15 of the Dungeon
 26495 | D:15     | Reached XP level 16. HP: 87/87 MP: 15/31
 26506 | D:15     | Reached skill level 5 in Summonings
 27063 | D:15     | Found Qitotrafog's Armour Emporium.
 27098 | D:15     | Found a staircase to the Depths.
 27567 | Swamp:1  | Entered Level 1 of the Swamp
 28627 | Swamp:2  | Noticed a thorn hunter
 28643 | Swamp:1  | Killed a thorn hunter
 29909 | Swamp:2  | Noticed a thorn hunter
 29920 | Swamp:2  | Killed a thorn hunter
 30404 | Swamp:2  | Offered knowledge of Iskenderun's Battlesphere by Vehumet.
 30415 | Swamp:2  | Learned a level 5 spell: Iskenderun's Battlesphere
 30549 | Swamp:2  | Noticed a tentacled monstrosity
 30569 | Swamp:2  | Killed a tentacled monstrosity
 30569 | Swamp:2  | Reached skill level 19 in Earth Magic
 30675 | Swamp:2  | Reached skill level 15 in Conjurations
 31312 | Swamp:3  | Noticed a thorn hunter
 31319 | Swamp:3  | Killed a thorn hunter
 31645 | Swamp:3  | Reached XP level 17. HP: 92/92 MP: 18/32
 32353 | Swamp:4  | Entered Level 4 of the Swamp
 32358 | Swamp:4  | Noticed Louise
 32397 | Swamp:4  | Noticed a tentacled monstrosity
 32407 | Swamp:4  | Killed a tentacled monstrosity
 32610 | Swamp:4  | Got a masterwork buckler
 32620 | Swamp:4  | Identified the cursed +0 buckler of Exclusion {Str+3} (You
                  | found it on level 4 of the Swamp)
 32664 | Swamp:4  | Reached ****** piety under Vehumet
 32667 | Swamp:4  | Offered knowledge of Iron Shot by Vehumet.
 33062 | Swamp:4  | Killed Louise
 33587 | Swamp:4  | Got a decaying rune of Zot
 34024 | Vaults:1 | Entered Level 1 of the Vaults
 34845 | Vaults:1 | Noticed a lich
 34850 | Vaults:1 | Paralysed by a lich for 3 turns
 34859 | Vaults:1 | Killed a lich
 34859 | Vaults:1 | Reached XP level 18. HP: 64/98 MP: 10/34
 34865 | Vaults:1 | Shot with a bolt by a yaktaur captain

Illustrated notes

Levels and vault maps discovered:
D:1:      enne_arrival_octagon_isle, layout_loops_corners
D:2:      layout_basic, okawaru_altar_gauntlet_db, kiku_gazebo_garden_becter,
          first_ration
D:3:      layout_basic, ebering_ghost_gozag
D:4:      layout_gridville, serial_shops, kennysheep_little_box, shop, shop,
          nicolae_shop_stone, shop_coins, gammafunk_ghost_grave
D:5:      black_bear_nest_2, layout_rooms, minmay_temple_entry_butterflies,
          xom_teletrap_fun
D:6:      layout_basic, serial_shops, nicolae_shop_overgrown_old_shop,
          portal_sewer_entry_b, uniq_sigmund
D:7:      layout_rooms, nicolae_dithmenos_the_darkroom, grunt_livestock
D:8:      layout_cave_pools, tso_metal_star, basic_altar, uniq_pikel
D:9:      layout_basic
D:10:     layout_basic, erik_lair_orcish_takeover, minmay_orc_entry_temple_small
D:11:     layout_basic, serial_shops, shop, uniq_grum
D:12:     layout_cave_pods
D:13:     layout_stronghold, skrybe_vaults_entry_preservation, serial_shops,
          shop, gauntlet_entry_generic, minmay_misc_feat_four_crosses,
          hangedman_aviary
D:14:     layout_loops_ring, yredelemnul_altar_generic
D:15:     grunt_enter_depths_hoard, layout_rooms, serial_shops, shop
Temple:   compressed_dpeg_circular_temple
Lair:1:   layout_chaotic_city
Lair:2:   layout_regular_city, minmay_lair_oklob_chamber
Lair:3:   layout_gridlike, swamp_mist, dummy_snake_entry,
          infiniplex_staircase_pool
Lair:4:   layout_long_grid, enter_volcano_2, chequers_serial_rivers_small_b,
          eino_house_with_fridge, lemuel_fruit_fields
Lair:5:   layout_regular_city, dpeg_slime_entry_enclosed_altar, minivault_11
Lair:6:   grunt_lair_end_beastmaster, layout_small_grid, special_room
          [special_room_mythical_zoo], uniq_sonja
Swamp:1:  layout_basic_swamp, evilmike_swamp_ruin_house_3, grunt_hermit_hut
Swamp:2:  cheibrodos_swamp_monstrosity, layout_basic_swamp,
          evilmike_swamp_ruin_house_4, swamp_pool3
Swamp:3:  layout_basic_swamp, evilmike_swamp_ruin_house_2, swamp_pool5
Swamp:4:  swamp, layout_basic_swamp, uniq_louise
Orc:1:    layout_caves, mines2_lemuel
Orc:2:    grunt_orc_gardens, layout_caves, grunt_orc_garden, grunt_orc_garden,
          grunt_orc_garden, grunt_orc_garden
Vaults:1: nicolae_vaults_stairing_the_circle, dpeg_vaults_pockets_of_resistance,
          hangedman_vaults_slice, nicolae_vaults_network_square,
          nicolae_vaults_asterisk, hangedman_vaults_corner, v_pattern_3,
          nicolae_vaults_what_the_h, serial_ice_h, nicolae_vaults_circle_grid_b,
          vaults_dpeg_diagonal, vaults_dpeg_ring, layout_vaults_maze_snakey,
          serial_shops, nicolae_shop_stone, enter_trove_2, uniq_aizul

Skill      XL: |  1  2  3  4  5  6  7  8  9 10 11 12 13 14 15 16 17 |
---------------+----------------------------------------------------+-----
Earth Magic    | 4 5 6 7 8 10 11 13 14 16 17 18 19 | 19.0
Conjurations   | 1 3 5 7 9 11 12 14 15 16 | 16.5
Dodging        | 2 3 4 5 6 7 8 9 |  9.5
Spellcasting   | 3 4 6 7 8 9 10 11 12 | 12.8
Fighting       | 2 4 5 6 |  6.0
Transmutations | 1 2 |  2.0
Shields        | 4 |  4.3
Poison Magic   | 4 7 |  7.3
Maces & Flails | 2 |  2.1
Staves         | 1 |  1.8
Summonings     | 4 7 9 |  9.0
Stealth        | |  2.1

Action                   |  1- 3 |  4- 6 |  7- 9 | 10-12 | 13-15 | 16-18 || total
-------------------------+-------+-------+-------+-------+-------+-------++-------
Melee: Unarmed           |    34 |       |       |       |       |       ||    34
       Whip              |    83 |   160 |    85 |   209 |   119 |       ||   656
       Dagger            |       |       |    13 |     7 |       |       ||    20
       Staff             |       |       |       |       |    44 |    56 ||   100
       Demon whip        |       |       |       |       |       |    11 ||    11
Throw: Stone             |       |       |       |       |     1 |       ||     1
 Cast: Sandblast         |    10 |    36 |    89 |    74 |    82 |    96 ||   387
       Lee's Rapid Decon |       |       |     2 |    33 |   106 |    31 ||   172
       Stone Arrow       |       |       |       |   185 |   371 |   373 ||   929
       Petrify           |       |       |       |       |    12 |     8 ||    20
       Mephitic Cloud    |       |       |       |       |    15 |    25 ||    40
       Olgreb's Toxic Ra |       |       |       |       |    60 |    27 ||    87
       Ignite Poison     |       |       |       |       |    35 |    28 ||    63
       Iskenderun's Batt |       |       |       |       |       |    42 ||    42
 Abil: Fly               |       |       |       |       |     1 |       ||     1
Evoke: Staff of energy   |       |       |       |       |     1 |       ||     1
  Use: Scroll            |     2 |     7 |     4 |     9 |    12 |    13 ||    47
       Potion            |       |       |       |     1 |     2 |     3 ||     6
 Stab: Sleeping          |     3 |     2 |     3 |     2 |       |       ||    10
       Confused          |       |       |       |       |     1 |       ||     1
  Eat: Chunk             |     3 |     9 |     9 |    24 |    35 |    12 ||    92
       Ration            |       |       |       |     2 |     5 |     4 ||    11
Armor: Robe              |    42 |    74 |    55 |   170 |   154 |   159 ||   654
Dodge: Dodged            |    85 |   157 |   158 |   307 |   372 |   273 ||  1352
Block: Buckler           |       |       |       |     4 |   152 |   112 ||   268
